Map: Bel'Shir Vestige LE (Void)

Players

fire

  • Race: Terran Terran
  • Spawn Location: 5:00

Breadline - Winner!

  • Race: Protoss Protoss
  • League: Silver
  • Spawn Location: 11:00

VOD

Have the link to the VOD?

Description

Time

  • Played on: Jan. 30, 2017, 9:53 p.m.
  • Length: 7:29
Show
View Real Time Build Order
Export as new Build Order

fire Terran 

Build Orders:  

Get SALT Encoding   

  12  0:01  SCV  
  13  0:15  Supply Depot  
  13  0:18  SCV  
  14  0:30  SCV  
  15  0:40  Barracks  
  15  0:42  SCV  
  16  0:49  Refinery  
  16  0:54  SCV  
  17  1:04  Barracks  
  17  1:06  SCV  
  18  1:18  SCV  
  19  1:30  SCV, Supply Depot  
  19  1:31  Marine  
  21  1:42  SCV  
  22  1:49  Marine  
  23  1:54  SCV, Factory  
  23  1:57  Supply Depot  
  23  1:59  Marine  
  25  2:07  Marine, SCV  
  27  2:14  Refinery  
  27  2:41  Command Center  
  27  2:45  Factory Tech Lab  
  27  2:49  Barracks Tech Lab  
  27  2:51  Barracks Tech Lab  
  27  2:59  SCV  
  27  3:09  Marine x2  
  26  3:27  Marine x2, Siege Tank  
  29  3:45  Marine  
  29  3:46  Marauder  
  31  3:58  SCV  
  31  4:02  Stimpack  
  31  4:03  Marauder  
  28  4:23  Marauder  
  26  4:28  SCV  
  22  4:40  SCV  
  22  4:43  Marine  
  24  4:46  Marauder  
  24  4:50  Siege Tank  
  24  4:52  SCV  
  30  5:01  Marine  
  30  5:04  SCV  
  32  5:08  Marauder  
  32  5:16  SCV  
  32  5:19  Marine  
  34  5:27  Siege Tank  
  37  5:31  Marauder  
  39  5:46  Marine  
  39  5:47  SCV  
  38  5:59  SCV  
  39  6:16  Supply Depot  
  39  6:25  Orbital Command  
  39  6:31  Siege Tank  
  42  6:39  SCV  
  43  6:40  Supply Depot  
  43  6:51  SCV  
Show
View Real Time Build Order
Export as new Build Order

Breadline Protoss - Winner!

Build Orders:  

Get SALT Encoding   

  12  0:01  Probe (Chrono Boost)  
  13  0:11  Probe (Chrono Boost)  
  14  0:18  Pylon  
  14  0:22  Probe (Chrono Boost)  
  15  0:36  Probe (Chrono Boost)  
  15  0:38  Gateway  
  16  0:44  Assimilator  
  16  0:46  Probe (Chrono Boost)  
  18  0:57  Probe (Chrono Boost)  
  18  1:07  Probe (Chrono Boost)  
  19  1:18  Probe (Chrono Boost)  
  20  1:22  Pylon  
  20  1:25  Cybernetics Core  
  20  1:29  Probe (Chrono Boost)  
  20  1:30  Assimilator  
  21  1:39  Probe (Chrono Boost)  
  22  1:50  Probe (Chrono Boost)  
  25  2:01  Adept  
  25  2:02  Mothership Core (Chrono Boost)  
  27  2:16  Nexus  
  27  2:17  Warp Gate  
  27  2:22  Pylon  
  27  2:31  Adept  
  27  2:36  Twilight Council  
  29  2:40  Probe (Chrono Boost)  
  30  2:50  Probe (Chrono Boost)  
  31  3:01  Probe (Chrono Boost)  
  32  3:14  Adept  
  32  3:15  Probe (Chrono Boost)  
  32  3:17  Resonating Glaives  
  35  3:26  Probe (Chrono Boost), Gateway  
  36  3:28  Gateway  
  36  3:34  Probe (Chrono Boost)  
  36  3:36  Probe (Chrono Boost)  
  38  3:45  Probe (Chrono Boost)  
  38  3:47  Probe (Chrono Boost)  
  40  3:52  Adept  
  43  3:55  Probe (Chrono Boost)  
  43  3:58  Probe (Chrono Boost)  
  44  4:06  Probe (Chrono Boost)  
  44  4:07  Assimilator  
  44  4:08  Probe (Chrono Boost)  
  44  4:09  Assimilator  
  46  4:16  Probe (Chrono Boost)  
  45  4:17  Robotics Facility  
  45  4:19  Probe (Chrono Boost)  
  46  4:27  Probe (Chrono Boost)  
  46  4:29  Probe (Chrono Boost)  
  48  4:38  Mothership Core (Chrono Boost)  
  48  4:40  Probe (Chrono Boost)  
  47  4:50  Pylon, Probe (Chrono Boost), Gateway  
  46  4:52  Gateway  
  46  4:54  Adept x3  
  46  4:56  Probe (Chrono Boost)  
  53  5:06  Probe (Chrono Boost)  
  54  5:09  Probe (Chrono Boost)  
  55  5:14  Warp Prism  
  55  5:18  Probe (Chrono Boost)  
  55  5:20  Probe (Chrono Boost)  
  57  5:35  Nexus  
  57  5:36  Probe (Chrono Boost)  
  57  5:38  Probe (Chrono Boost)  
  59  5:47  Probe (Chrono Boost)  
  59  5:49  Immortal  
  58  5:53  Probe (Chrono Boost)  
  59  5:57  Probe (Chrono Boost)  
  59  6:02  Pylon  
  59  6:03  Pylon  
  60  6:06  Assimilator  
  60  6:08  Assimilator  
  60  6:18  Robotics Bay  
  60  6:22  Pylon, Robotics Facility  
  60  6:25  Pylon  
  60  6:28  Pylon  
  60  6:30  Forge, Adept  
  60  6:31  Forge, Adept  
  64  6:33  Adept  
  64  6:36  Adept  
  68  6:56  Adept x4  
  76  7:03  Probe x2 (Chrono Boost)  
  76  7:04  Probe (Chrono Boost)  
  83  7:13  Probe x2 (Chrono Boost)  
  84  7:16  Probe (Chrono Boost)  
  84  7:21  Adept x4  
  84  7:22  Adept  
Tags
 
Add a new tag
Caveats
  • Supply blocks, unpowered buildings, or Contaminate may cause inaccurate times.
  • Supply counts are checked every 10 seconds.